 Dungeon Sprint DCSS version 0.17-a0-701-gb6462b4 (webtiles) character file.

122 sugabear the Charmwright (level 5, -4/28 HPs)
             Began as a Vine Stalker Skald on Apr 19, 2015.
             Was a Follower of Kikubaaqudgha.
             Slain by a hill giant
             ... wielding a +0 giant spiked club
              (22 damage)
             ... in the Dungeon (Sprint IX: "|||||||||||||||||||||||||||||").
             The game lasted 00:01:31 (269 turns).

sugabear the Charmwright (Vine Stalker Skald)        Turns: 269, Time: 00:01:32

Health: -4/28      AC:  4    Str: 18    XL:     5   Next: 6%
Magic:  0/12       EV: 14    Int: 12    God:    Kikubaaqudgha [*.....]
Gold:   0          SH:  0    Dex: 14    Spells: 2 memorised, 9 levels left

rFire  . . .     SeeInvis .     n - +2 rapier (venom)
rCold  . . .     Clarity  .     b - +0 leather armour
rNeg   . . .     SustAb   .     (no shield)
rPois  .         Gourm    .     (no helmet)
rElec  .         Spirit   +     (no cloak)
rCorr  .         Warding  .     (no gloves)
rMut   .         NoTele   +     (no boots)
MR     .....                    (no amulet)
Stlth  +.........               r - +2 ring of evasion
                                q - +3 ring of strength

@: very slightly contaminated, invisible, not resistant to hostile enchantments,
very unstealthy
A: fangs 2, regeneration 1, shaggy fur 1, magic shield, antimagic bite, no
device heal 3, rot immunity
a: Receive Corpses, Renounce Religion


You were in the Dungeon.
You worshipped Kikubaaqudgha.
Kikubaaqudgha was aware of your devotion.
You were not hungry.

You visited 1 branch

Inventory:

Hand weapons
 a - a +0 short sword
 n - a +2 rapier of venom (weapon)
 o - a +2 scimitar of holy wrath
Armour
 b - a +0 leather armour (worn)
 p - a +0 cloak
Jewellery
 q - a +3 ring of strength (left hand)
 r - a +2 ring of evasion (right hand)
Magical devices
 m - a wand of cold (7)
Scrolls
 j - 2 scrolls of blinking
 k - 3 scrolls of remove curse
 l - 2 scrolls of amnesia
Potions
 e - 5 potions of curing
 g - a potion of haste
 h - 4 potions of magic
 i - a potion of berserk rage
Books
 c - a book of Battle

   Spells                             Type                      Level
   a - Infusion                       Charms                       1
   b - Shroud of Golubria             Charms/Translocation         2
   c - Song of Slaying                Charms                       2
   d - Spectral Weapon                Hexes/Charms                 3
   e - Regeneration                   Charms/Necromancy            3
Comestibles
 d - a bread ration


   Skills:
 + Level 3.2 Fighting
 + Level 3.5 Short Blades
 + Level 2.1 Armour
 + Level 2.6 Dodging
 + Level 1.0 Stealth
 + Level 4.4 Spellcasting
 + Level 6.0 Charms
 * Level 2.2 Necromancy


You had 9 spell levels left.
You knew the following spells:

 Your Spells              Type           Power        Failure   Level  Hunger
a - Infusion              Chrm           ###...       1%          1    None
b - Song of Slaying       Chrm           ###.....     3%          2    ##.....


Dungeon Overview and Level Annotations

Branches:
Dungeon (1/1)

Altars:
Cheibriados
Dithmenos
Elyvilon
Fedhas
Gozag
Kikubaaqudgha
Makhleb
Nemelex Xobeh
Okawaru
Qazlal
Ru
Sif Muna
Trog
Vehumet
Xom
Yredelemnul
Zin
The Shining One
Beogh
Jiyva
Lugonu


Innate Abilities, Weirdness & Mutations

You have extremely sharp teeth.
Your natural rate of healing is unusually fast.
You are covered in fur (AC +1).
When hurt, damage is shared between your health and your magic reserves.
Your bite disrupts and absorbs the magic of your enemies.
Potions and wands cannot restore your health.
You are immune to rotting.


Message History

There is a bloodstained altar of Trog here.
There is a deep blue altar of Sif Muna here.
There is a burning altar of Makhleb here.
There is an iron altar of Okawaru here.
There is a radiant altar of Vehumet here.
There is a shimmering altar of Xom here.
There is a basalt altar of Yredelemnul here.
There is an ancient bone altar of Kikubaaqudgha here.
There is a glowing golden altar of the Shining One here.
Okay, then.
Drink which item? (? for menu, Esc to quit)
You fade into invisibility!
You are very lightly contaminated with residual magic.
You barely miss the hill giant. You bite the hill giant. You drain its power.
You feel invigorated.
The hill giant is lightly wounded.
The hill giant hits you with a giant spiked club!!
Ouch! That really hurt!
You die...
Kikubaaqudgha rasps: "You have failed me!
Welcome... death!"

▓'▓
▓)▓
▓.▓
▓.▓
▓.▓
▓.▓
▓'▓
▓_▓
▓@▓
▓C▓
▓_▓
▓T▓
▓_▓
▓_▓
▓_▓
▓_▓
▓_▓


You could see a hill giant and a troll.

Vanquished Creatures
  A sky beast (D)
  An ooze (D)
  An adder zombie (D)
  An orc (D)
  3 bats (D)
  2 hobgoblins (D)
  A jackal (D)
  2 kobolds (D)
  A ball python skeleton (D)
  A rat (D)
14 creatures vanquished.

Notes
Turn   | Place    | Note
--------------------------------------------------------------
     0 | D        | sugabear, the Vine Stalker Skald, began the quest for the Orb.
     0 | D        | Reached XP level 1. HP: 11/11 MP: 4/4
    19 | D        | Reached skill level 1 in Dodging
    35 | D        | Reached XP level 2. HP: 13/15 MP: 3/6
    41 | D        | Reached skill level 4 in Charms
   119 | D        | Found a glowing silver altar of Zin.
   119 | D        | Found a glowing golden altar of the Shining One.
   119 | D        | Found an ancient bone altar of Kikubaaqudgha.
   119 | D        | Found a basalt altar of Yredelemnul.
   119 | D        | Found a shimmering altar of Xom.
   119 | D        | Found a radiant altar of Vehumet.
   119 | D        | Found an iron altar of Okawaru.
   120 | D        | Found a burning altar of Makhleb.
   121 | D        | Found a deep blue altar of Sif Muna.
   122 | D        | Found a bloodstained altar of Trog.
   123 | D        | Found a sparkling altar of Nemelex Xobeh.
   124 | D        | Found a white marble altar of Elyvilon.
   125 | D        | Found a roughly hewn altar of Beogh.
   126 | D        | Found a viscous altar of Jiyva.
   127 | D        | Found a corrupted altar of Lugonu.
   128 | D        | Found a blossoming altar of Fedhas.
   129 | D        | Found a snail-covered altar of Cheibriados.
   130 | D        | Found a shadowy altar of Dithmenos.
   131 | D        | Found a stormy altar of Qazlal.
   132 | D        | Found an opulent altar of Gozag.
   133 | D        | Found a sacrificial altar of Ru.
   191 | D        | Became a worshipper of Kikubaaqudgha
   195 | D        | Learned a level 2 spell: Song of Slaying
   226 | D        | Noticed a sky beast
   226 | D        | Noticed a hill giant
   226 | D        | Noticed a troll
   237 | D        | Killed a sky beast
   237 | D        | Acquired Kikubaaqudgha's first power
   237 | D        | Received a gift from Kikubaaqudgha
   237 | D        | Reached skill level 1 in Stealth
   237 | D        | Reached skill level 6 in Charms
   237 | D        | Reached XP level 3. HP: 7/20 MP: 2/9
   237 | D        | Reached XP level 4. HP: 8/24 MP: 2/11
   237 | D        | Reached XP level 5. HP: 9/28 MP: 2/12
   269 | D        | Slain by a hill giant

Action                   |  1- 3 |  4- 6 || total
-------------------------+-------+-------++-------
Melee: Short sword       |    51 |       ||    51
       Rapier            |    10 |     1 ||    11
 Cast: Infusion          |     1 |       ||     1
       Song of Slaying   |     2 |       ||     2
  Use: Potion            |       |     1 ||     1
